AoeStats
← HeroCauldron

Hill Fort

505616384Analyzed
2v2 RM · 22d ago on Sep 10, 2026· 57m 3s· 4 players
Game mode
Random Map
Map size
Medium (4 player)
Population
200
Speed
Normal
Resources
Standard
Victory
Conquest
Starting age
Dark Age
Ending age
Imperial Age
RankedLock teamsTeams togetherTeam positionsShared explorationLock speedFull tech treeHidden civsTurbo modeCheats
Victory
Defeat
🇹🇷 Mongols · Türkiye
608
+11
🇹🇷 Sicilians · Türkiye
577
+24
🇬🇧 Jurchens · United Kingdom
528
-13
🇪🇸 Persians · Spain
459
-10
mmherraiz3
12:02 Feudal Age
13:20 Wheelbarrow
13:24 Double-Bit Axe
13:22 Horse Collar
16:42 Gold Mining
19:05 Stone Mining
27:02 Castle Age
26:48 Scale Barding Armor
26:43 Scale Mail Armor
26:54 Forging
27:48 Hand Cart
27:38 Heavy Plow
27:52 Bow Saw
29:27 Gold Shaft Mining
30:24 Husbandry
32:51 Stone Shaft Mining
32:59 Chain Barding Armor
32:55 Chain Mail Armor
33:15 Iron Casting
45:19 Loom
S1rkumsiz3d
2:57 Loom
12:13 Feudal Age
13:44 Wheelbarrow
13:09 Double-Bit Axe
16:51 Fishing Lines
19:45 Stone Mining
19:48 Gold Mining
20:57 Horse Collar
25:32 Castle Age
23:55 Fletching
26:26 Bow Saw
27:54 Gillnets
28:01 Pikeman
29:30 Medium Warships
30:24 Stone Shaft Mining
30:31 Gold Shaft Mining
30:12 Heavy Plow
32:31 Squires
32:18 Gambesons
32:33 Bodkin Arrow
33:50 Fortified Bastions
34:52 Bloodlines
34:44 Husbandry
39:24 Imperial Age
37:26 Guard Tower
37:17 Treadmill Crane
37:48 Fortified Wall
37:59 Ballistics
39:29 Forging
39:25 Scale Barding Armor
39:21 Scale Mail Armor
39:21 Padded Archer Armor
41:02 Bracer
40:30 Elite Skirmisher
48:40 Hand Cart
HeroCauldron
12:03 Feudal Age
12:40 Horse Collar
12:47 Double-Bit Axe
13:31 Loom
14:11 Gold Mining
22:32 Castle Age
22:58 Crossbowman
23:49 Heavy Plow
24:01 Bow Saw
24:29 Gold Shaft Mining
24:32 Wheelbarrow
25:19 Fletching
25:30 Padded Archer Armor
27:43 Bodkin Arrow
27:58 Forging
29:45 Stone Mining
33:30 Ballistics
44:54 Iron Casting
44:20 Scale Mail Armor
Abdusancak
10:19 Feudal Age
11:38 Double-Bit Axe
13:22 Loom
15:00 Wheelbarrow
14:23 Horse Collar
22:37 Castle Age
24:26 Bloodlines
24:21 Husbandry
25:09 Heavy Plow
25:26 Bow Saw
25:30 Fletching
25:41 Padded Archer Armor
25:54 Thumb Ring
32:45 Gold Mining
35:19 Ballistics
37:07 Bodkin Arrow
37:27 Leather Archer Armor
41:54 Imperial Age
39:43 Hand Cart
41:10 Murder Holes
43:26 Drill
45:09 Capped Ram
46:33 Parthian Tactics
45:28 Heavy Cavalry Archer
49:34 Bracer
50:59 Siege Ram
52:55 Conscription
53:53 Caravan
Connection lost

Rejoining the realm…

Still unreachable

The connection could not be restored.

Session expired

The server has moved on; the page needs a fresh start.